 Dungeon Crawl Stone Soup version 0.18-a0-1778-gadce9fa (webtiles) character file.

2698 Ijustatesigmund the Grappler (level 9, -1/93 HPs)
             Began as a Troll Hunter on Apr 16, 2016.
             Was a Follower of Okawaru.
             Slain by Ijustatesigmund's ghost (23 damage)
             ... on level 8 of the Dungeon.
             The game lasted 00:14:06 (5763 turns).

Ijustatesigmund the Grappler (Troll Hunter)         Turns: 5763, Time: 00:14:07

Health: -1/93      AC:  6    Str: 25    XL:     9   Next: 38%
Magic:  8/8        EV: 12    Int:  7    God:    Okawaru [*.....]
Gold:   326        SH:  3    Dex: 18    Spells: 0 memorised, 8 levels left

rFire  . . .     SeeInvis .       - Unarmed
rCold  . . .     Gourm    +     b - +1 robe
rNeg   . . .     Faith    .     (no shield)
rPois  .         Spirit   .     (helmet restricted)
rElec  .         Dismiss  .     (no cloak)
rCorr  .         Reflect  +     (gloves unavailable)
SustAt .         Harm     .     (boots unavailable)
MR     .....                    j - +3 amulet of reflection
Stlth  ++........               q - +3 ring of strength
                                x - +5 ring of dexterity

@: about to teleport, not resistant to hostile enchantments, unstealthy
A: unfitting armour, claws 3, fast metabolism 3, gourmand, regeneration 2,
shaggy fur 1, tough skin 2
a: Heroism, Renounce Religion


You were on level 8 of the Dungeon.
You worshipped Okawaru.
Okawaru was aware of your devotion.
You were full.

You visited 2 branches of the dungeon, and saw 9 of its levels.
You also visited: Sewer and Ossuary.

You collected 326 gold pieces.

Inventory:

Hand Weapons
 i - a +1 giant spiked club
 r - a +2 antimagic flail
Missiles
 c - 5 large rocks (quivered)
 d - 4 throwing nets
Armour
 b - a +1 robe (worn)
 t - a troll hide {Purgy}
Jewellery
 j - a +3 amulet of reflection (around neck)
 l - an uncursed ring of resist corrosion
 q - a +3 ring of strength (right claw)
 x - a +5 ring of dexterity (left claw)
Wands
 z - a wand of lightning (5/15)
 C - a wand of polymorph (9/24)
Scrolls
 p - 3 scrolls of remove curse
 s - 2 scrolls of teleportation
 y - a scroll of magic mapping
 H - a scroll of enchant armour
Potions
 a - 2 potions of heal wounds
 e - 2 potions of resistance
 h - a potion of cancellation
 m - 2 potions of magic
 n - 3 potions of curing
 o - a potion of agility
 u - a potion of flight
 v - 4 potions of mutation
 D - a potion of might
 E - a potion of degeneration {unknown}
 F - 2 potions of haste {unknown}
 J - a potion of lignification {unknown}
Books
 B - a book of the Sky

   Spells                             Type                      Level
   a - Summon Lightning Spire         Summoning/Air                4
   b - Airstrike                      Air                          4
   c - Silence                        Hexes/Air                    5
   d - Deflect Missiles               Charms/Air                   6
   e - Conjure Ball Lightning         Conjuration/Air              6
   f - Tornado                        Air                          9
Comestibles
 f - 4 bread rations
 g - a fruit
 k - 2 slices of pizza
 w - 3 meat rations
 A - a royal jelly


   Skills:
 + Level 7.4 Fighting
 - Level 3.6 Throwing
 - Level 4.0 Dodging
 - Level 0.4 Stealth
 + Level 8.3 Unarmed Combat


You had 8 spell levels left.
You didn't know any spells.

Dungeon Overview and Level Annotations

Branches:
Dungeon (8/15)             Temple (1/1) D:7
   Lair: D:8-11

Altars:
Ashenzari
Cheibriados
Dithmenos
Elyvilon
Fedhas
Gozag
Kikubaaqudgha
Makhleb
Nemelex Xobeh
Okawaru
Pakellas
Qazlal
Ru
Sif Muna
Trog
Vehumet
Xom
Yredelemnul
Zin
The Shining One

Shops:
D:6 (

Annotations:
D:8 Ijustatesigmund's ghost, novice TrTm


Innate Abilities, Weirdness & Mutations

You are too large for most types of armour.
You have claws for hands.
Your metabolism is lightning-fast.
You like to eat raw meat.
You heal very quickly.
You are covered in fur (AC +1).
You have very tough skin (AC +2).


Message History

You are too injured to fight recklessly!
You are too injured to fight recklessly!
You are too injured to fight recklessly!
You are too injured to fight recklessly!
You are too injured to fight recklessly!
You are too injured to fight recklessly!
You are too injured to fight recklessly!
You are too injured to fight recklessly!
You are too injured to fight recklessly!
You are too injured to fight recklessly!
You are too injured to fight recklessly!
You are too injured to fight recklessly!
You are too injured to fight recklessly!
You are too injured to fight recklessly!
You are too injured to fight recklessly!
Read which item? (? for menu, Esc to quit)
As you read the scroll of teleportation, it crumbles to dust.
You feel strangely unstable. The orc hits you but does no damage. x2
Ijustatesigmund's ghost hits you!!
You die...

#.......#
.........
#.......#
#.......#
#.......#
........#
#....Wo#
#....o@#
#......#
######.#
###.###.##
###).........
#...........#
#...#)#.###.#.#
##..#.#.# # #.
#)#.#


You could see Ijustatesigmund's ghost and 2 orcs.

Vanquished Creatures
  A wraith (Ossuary)
  A hungry ghost (D:7)
  Edmund (D:4)
  Menkaure (D:6)
  Purgy (Sewer)
  An orc warrior (D:7)
  A sky beast (D:7)
  An ice beast (D:6)
  A necrophage (D:7)
  3 ogres
  A phantom (D:3)
  A big kobold (D:7)
  2 giant frogs (D:6)
  2 scorpions
  3 wights (D:8)
  A crimson imp (D:7)
  2 centaur zombies (D:5)
  5 hounds
  An orc priest (D:4)
  A jelly (D:7)
  Crazy Yiuf (D:6)
  3 centaur skeletons
  A giant frog skeleton (D:6)
  3 worker ants
  An iguana (D:6)
  An orc wizard (D:8)
  A hound skeleton (D:5)
  A mummy (Ossuary)
  12 gnolls
  A howler monkey skeleton (D:5)
  8 adders
  A shadow imp (D:6)
  An ooze (D:1)
  4 worms
  4 dart slugs (D:1)
  3 giant geckos
  19 orcs
  10 bats
  5 giant cockroaches
  4 goblins
  5 hobgoblins
  13 jackals
  15 kobolds
  5 quokkas
  A giant gecko skeleton (D:6)
  A giant gecko zombie (D:5)
  3 giant newts
  4 gnoll skeletons (Ossuary)
  8 kobold skeletons (Ossuary)
  13 orc skeletons (Ossuary)
  A quokka zombie (D:6)
  8 rats
  2 fungi (D:3)
194 creatures vanquished.

Notes
Turn   | Place    | Note
--------------------------------------------------------------
     0 | D:1      | Ijustatesigmund the Troll Hunter began the quest for the Orb.
     0 | D:1      | Reached XP level 1. HP: 19/19 MP: 0/0
   176 | D:1      | Reached skill level 1 in Unarmed Combat
   192 | D:1      | Reached XP level 2. HP: 28/28 MP: 1/1
   587 | D:1      | Reached XP level 3. HP: 35/35 MP: 2/2
   764 | D:2      | Reached skill level 2 in Unarmed Combat
   776 | D:2      | Reached XP level 4. HP: 12/44 MP: 3/3
  1655 | D:3      | Reached skill level 3 in Unarmed Combat
  1799 | D:3      | Reached XP level 5. HP: 52/53 MP: 4/4
  2141 | D:3      | Found a sacrificial altar of Ru.
  2147 | D:3      | Found a glowing silver altar of Zin.
  2215 | D:3      | Noticed a phantom
  2231 | D:3      | Killed a phantom
  2362 | D:3      | Reached XP level 6. HP: 62/62 MP: 5/5
  2519 | D:4      | Noticed Edmund
  2525 | D:4      | Killed Edmund
  2525 | D:4      | Reached skill level 4 in Unarmed Combat
  2573 | D:4      | Found a glowing drain.
  2584 | Sewer    | Entered a sewer
  2658 | Sewer    | Noticed Purgy
  2673 | Sewer    | Killed Purgy
  2673 | Sewer    | Reached XP level 7. HP: 46/71 MP: 6/6
  3317 | D:5      | Entered Level 5 of the Dungeon
  3335 | D:5      | Reached skill level 5 in Unarmed Combat
  3386 | D:5      | Reached skill level 5 in Fighting
  3649 | D:5      | Found an oddly glowing altar of Pakellas.
  3649 | D:5      | Noticed a rakshasa
  3962 | D:6      | Reached XP level 8. HP: 70/80 MP: 7/7
  4032 | D:6      | Found Ulotweme's Antique Weapon Shop.
  4141 | D:6      | Found a sand-covered staircase.
  4145 | Ossuary  | Entered an ossuary
  4205 | Ossuary  | Reached skill level 6 in Unarmed Combat
  4496 | D:6      | Noticed Crazy Yiuf
  4501 | D:6      | Killed Crazy Yiuf
  4503 | D:6      | Noticed Menkaure
  4511 | D:6      | Killed Menkaure
  4511 | D:6      | Reached skill level 7 in Unarmed Combat
  4759 | D:7      | Found a staircase to the Ecumenical Temple.
  4781 | Temple   | Entered the Ecumenical Temple
  4882 | Temple   | Became a worshipper of Warmaster Okawaru
  5005 | D:7      | Reached XP level 9. HP: 92/92 MP: 8/8
  5212 | D:7      | Reached skill level 8 in Unarmed Combat
  5730 | D:8      | Reached * piety under Okawaru
  5748 | D:8      | Noticed Ijustatesigmund's ghost (novice TrTm)
  5763 | D:8      | Slain by Ijustatesigmund's ghost

Vault maps used:
D:1:      lightli_arrival_farm
D:3:      amethyst_overflow_temple_binary, minmay_gold_behind_fungi
D:4:      first_bread, portal_sewer_entry_d, serial_glass, glass_columns_b,
          glass_columns_b, uniq_edmund
D:5:      gammafunk_pakellas_cloud_experiment
D:6:      serial_shops, nicolae_shop_crystal, enter_ossuary_5, uniq_menkaure,
          uniq_crazy_yiuf_cottage
D:7:      minmay_temple_entry_butterflies
Temple:   kilobyte_greek_temple_18
Sewer:    kennysheep_door_sewer
Ossuary:  ossuary_due_mausoleum

Skill      XL: |  1  2  3  4  5  6  7  8  9 |
---------------+----------------------------+-----
Unarmed Combat | 1 2 3 4 5 7 8 |  8.3
Fighting       | 2 3 4 5 6 7 |  7.4
Dodging        | 2 3 4 |  4.0
Throwing       | |  3.6
Stealth        | |  0.4

Action                   |  1- 3 |  4- 6 |  7- 9 || total
-------------------------+-------+-------+-------++-------
Melee: Unarmed           |    83 |   224 |   294 ||   601
       Punch             |       |     5 |     7 ||    12
Throw: Large rock        |     1 |     6 |     7 ||    14
  Use: Scroll            |     3 |     5 |    11 ||    19
       Potion            |     1 |       |       ||     1
  Eat: Chunk             |     7 |    23 |    29 ||    59
       Beef jerky        |       |       |     2 ||     2
Armor: Robe              |    38 |    71 |    72 ||   181
Dodge: Dodged            |    49 |    86 |   147 ||   282
Block: Other             |     8 |    23 |    35 ||    66
       Reflection        |     1 |       |       ||     1
